Map: Ephemeron LE

Players

rawbone - Winner!

  • Race: Zerg Zerg
  • League: Gold
  • Spawn Location: 11:00

Kaelosa

  • Race: Terran Terran
  • Spawn Location: 5:00

VOD

Have the link to the VOD?

Description

Time

  • Played on: Jan. 16, 2020, 7:19 p.m.
  • Length: 26:54
Show
View Real Time Build Order
Export as new Build Order

rawbone Zerg - Winner!

Build Orders: Hatch First 

Get SALT Encoding   

  12  0:01  Drone  
  13  0:14  Overlord  
  13  0:18  Drone  
  14  0:35  Drone x2  
  16  0:52  Hatchery  
  16  0:57  Drone  
  16  1:00  Drone  
  16  1:04  Drone  
  18  1:19  Spawning Pool  
  18  1:20  Drone  
  18  1:24  Drone  
  19  1:30  Drone  
  20  1:33  Extractor  
  19  1:41  Drone  
  20  2:00  Drone  
  21  2:07  Queen x2  
  25  2:11  Overlord x2  
  25  2:18  Drone  
  25  2:19  Drone  
  27  2:27  Drone  
  27  2:29  Drone  
  29  2:32  Spine Crawler  
  28  2:39  Zergling x2  
  28  2:40  Zergling x2  
  30  2:49  Lair  
  30  2:50  Queen  
  32  2:53  Drone  
  32  2:57  Drone  
  32  2:58  Drone  
  35  3:01  Drone  
  36  3:16  Roach Warren  
  36  3:18  Drone  
  36  3:25  Drone x7  
  43  3:29  Overlord  
  43  3:40  Overlord  
  43  3:43  Overlord  
  43  3:47  Drone  
  44  3:56  Glial Reconstitution  
  44  4:02  Drone  
  45  4:03  Evolution Chamber  
  45  4:05  Overlord  
  45  4:06  Overlord  
  45  4:09  Overlord  
  44  4:12  Drone  
  44  4:13  Drone x3  
  48  4:19  Extractor  
  48  4:20  Extractor  
  48  4:22  Roach  
  47  4:33  Roach  
  47  4:34  Roach x4  
  58  4:38  Drone  
  53  4:53  Spine Crawler  
  53  4:54  Drone x2  
  53  5:10  Roach x5  
  63  5:14  Drone  
  63  5:24  Drone x2  
  65  5:30  Zerg Missile Weapons Level 1  
  65  5:33  Hatchery  
  64  5:37  Drone x2  
  66  5:50  Overlord  
  66  5:56  Drone x2  
  68  6:04  Drone x5  
  73  6:12  Drone  
  73  6:32  Extractor  
  72  6:45  Hydralisk Den  
  72  7:01  Drone x3  
  74  7:21  Drone x18  
  92  7:28  Hatchery  
  92  7:29  Overlord, Extractor  
  90  7:30  Overlord  
  90  7:31  Overlord  
  90  7:32  Extractor  
  89  7:44  Drone  
  89  7:45  Drone x5  
  95  7:53  Spore Crawler  
  95  7:57  Spore Crawler  
  86  8:05  Hydralisk  
  86  8:06  Hydralisk x8  
  87  8:21  Hydralisk x6  
  99  8:32  Spore Crawler  
  98  8:40  Hydralisk x4  
  91  8:49  Grooved Spines  
  85  9:06  Drone x6  
  85  9:09  Zerg Missile Weapons Level 2  
  91  9:18  Queen  
  91  9:22  Queen  
  95  9:28  Drone x5  
  100  9:43  Spore Crawler  
  100  9:45  Spore Crawler  
  98  9:57  Drone x2  
  98  9:58  Drone  
  98  9:59  Drone x2  
  104  10:00  Drone  
  104  10:01  Overlord x3, Muscular Augments  
  104  10:12  Drone x2  
  104  10:13  Drone  
  107  10:14  Drone x2  
  107  10:15  Drone  
  107  10:19  Hydralisk x3  
  116  10:29  Overlord x2  
  116  10:38  Hatchery  
  111  10:46  Hydralisk x9  
  111  10:48  Hydralisk  
  111  10:53  Hydralisk  
  95  11:22  Drone x15  
  110  11:34  Zerg Ground Armor Level 1  
  110  11:41  Evolution Chamber  
  110  11:43  Infestation Pit  
  110  11:44  Drone  
  110  11:45  Drone x3  
  112  11:59  Drone x3  
  112  12:00  Drone x3  
  112  12:01  Drone  
  119  12:04  Drone  
  119  12:07  Extractor  
  119  12:08  Extractor  
  119  12:09  Drone  
  119  12:10  Drone x2  
  119  12:11  Drone  
  119  12:12  Drone x2  
  119  12:15  Overlord x3  
  124  12:31  Hive  
  124  12:45  Baneling Nest  
  124  12:50  Drone  
  124  12:51  Drone x5  
  129  13:00  Roach x11  
  151  13:26  Drone  
  151  13:27  Drone x3  
  155  13:34  Hydralisk x15  
  155  13:40  Hydralisk x3  
  191  13:42  Hatchery  
  190  13:50  Zerg Missile Weapons Level 3, Zerg Ground Armor Level 2  
  190  13:55  Centrifical Hooks  
  190  14:02  Hydralisk  
  190  14:03  Hydralisk x4  
  198  14:53  Hydralisk  
  198  15:03  Drone  
  147  15:22  Spire  
  147  15:23  Hydralisk x27  
  200  15:42  Extractor  
  199  15:44  Extractor  
  198  16:02  Hydralisk  
  168  16:29  Roach x23  
  190  16:34  Zerg Ground Armor Level 3  
  190  16:40  Drone x2  
  192  16:48  Drone x2  
  192  16:49  Drone  
  192  16:50  Drone  
  192  16:53  Drone x2  
  172  17:08  Hydralisk  
  172  17:09  Hydralisk x10  
  172  17:49  Overseer  
  172  18:07  Spore Crawler  
  172  18:10  Spore Crawler  
  170  18:13  Spine Crawler  
  170  18:19  Spine Crawler  
  168  18:20  Spine Crawler  
  168  18:21  Spore Crawler  
  168  18:23  Spore Crawler  
  165  18:30  Spine Crawler x2  
  163  18:35  Spore Crawler  
  163  18:37  Spine Crawler  
  163  18:38  Spine Crawler  
  160  18:49  Hydralisk  
  160  18:50  Hydralisk x21  
  200  19:00  Hatchery  
  200  19:01  Extractor  
  194  19:03  Overseer  
  194  19:04  Extractor  
  151  19:31  Hydralisk x20  
  167  19:45  Overseer  
  163  19:51  Hydralisk x11  
  185  19:59  Drone x3  
  188  20:16  Hatchery  
  187  20:46  Overlord x2  
  181  21:19  Mutalisk x10  
  199  21:32  Spore Crawler x2  
  193  21:34  Spore Crawler  
  192  21:46  Queen  
  186  21:59  Hydralisk x9  
  188  22:21  Mutalisk x8  
  194  22:40  Overlord x3  
  194  22:41  Overlord  
  191  22:48  Overlord x3  
  185  23:03  Drone x2  
  185  23:04  Drone x4  
  185  23:05  Drone x2  
  193  23:16  Drone x7  
Show
View Real Time Build Order
Export as new Build Order

Kaelosa Terran 

Build Orders:  

Get SALT Encoding   

  12  0:01  SCV  
  13  0:13  SCV  
  14  0:17  Supply Depot  
  14  0:25  SCV  
  15  0:39  SCV  
  15  0:40  Barracks  
  16  0:51  SCV  
  16  0:56  Supply Depot  
  17  1:03  SCV  
  18  1:15  SCV  
  18  1:16  Refinery  
  19  1:27  SCV  
  19  1:28  Marine  
  19  1:30  Barracks  
  21  1:42  SCV  
  21  1:46  Marine  
  23  1:47  Refinery  
  23  1:57  Orbital Command  
  23  2:01  Supply Depot  
  23  2:05  Marine  
  24  2:17  Marine  
  25  2:23  SCV  
  25  2:24  Marine  
  27  2:30  Factory  
  27  2:35  SCV  
  28  2:42  Barracks Reactor  
  28  2:43  Marine  
  29  2:50  SCV  
  30  2:56  Command Center  
  30  3:01  Marine  
  30  3:02  SCV  
  32  3:14  SCV  
  33  3:20  Reaper  
  33  3:21  Reaper x2  
  33  3:24  Factory Tech Lab  
  33  3:26  Starport  
  36  3:33  SCV  
  37  3:51  Supply Depot  
  37  4:03  Marine x2  
  37  4:07  Siege Tank  
  42  4:10  Barracks Tech Lab  
  42  4:13  Supply Depot, SCV  
  42  4:40  Reaper x3  
  42  4:44  Siege Tank  
  48  4:51  Starport Reactor  
  48  5:11  Marine  
  48  5:12  Marine x2  
  49  5:29  Marine x2  
  49  5:30  Marine  
  53  5:43  Orbital Command  
  53  5:44  SCV  
  53  5:47  Marine, Liberator x2  
  54  5:53  Supply Depot  
  54  5:57  Marauder, SCV, Marine  
  58  6:05  Marine  
  58  6:09  Refinery  
  65  6:11  Refinery  
  65  6:13  SCV x2  
  65  6:15  Marine  
  70  6:18  Marauder  
  70  6:23  Marine  
  71  6:25  SCV  
  71  6:26  SCV  
  72  6:33  Marine  
  75  6:40  Marauder, Marine  
  75  6:47  Liberator x2  
  76  6:51  Marine  
  77  6:58  Marine  
  77  7:00  Supply Depot  
  78  7:04  Widow Mine  
  86  7:14  Supply Depot  
  86  7:16  Supply Depot  
  86  7:21  SCV, Marine x3  
  90  7:34  SCV  
  90  7:37  Liberator  
  90  7:38  Liberator  
  90  7:40  Supply Depot  
  95  8:03  Marine x2  
  95  8:04  Marine  
  95  8:05  Siege Tank  
  101  8:17  SCV  
  99  8:37  Medivac  
  99  8:38  Marine x2  
  99  8:39  Marauder  
  105  8:43  Hellion  
  107  8:50  Armory  
  107  8:51  Armory  
  107  8:52  SCV x2  
  103  9:01  Marauder  
  103  9:02  Medivac  
  104  9:04  Hellion  
  104  9:07  Medivac  
  104  9:08  Stimpack  
  108  9:23  SCV  
  109  9:24  SCV  
  109  9:27  Supply Depot  
  110  9:32  Medivac  
  110  9:33  Marauder, Marine x2  
  116  9:42  Command Center  
  116  9:44  Drilling Claws  
  116  9:50  Supply Depot  
  116  9:51  Marine x2  
  118  9:58  Bunker  
  118  10:03  Medivac x2  
  118  10:05  Factory  
  122  10:10  Refinery  
  122  10:12  Supply Depot  
  122  10:14  Refinery  
  122  10:21  Marine x2  
  123  10:22  Marauder  
  123  10:26  Thor  
  132  10:30  Supply Depot  
  132  10:36  Terran Ship Weapons Level 1  
  132  10:38  Marine  
  132  10:39  Marine  
  128  10:43  Marauder  
  107  10:53  Supply Depot  
  107  10:56  Marine x2  
  85  11:02  Smart Servos  
  80  11:05  Marauder  
  80  11:09  Siege Tank  
  85  11:11  Engineering Bay  
  85  11:12  Factory Reactor  
  85  11:15  Medivac x2  
  85  11:18  Marine x2  
  91  11:26  Marauder  
  93  11:33  SCV  
  93  11:35  Marine  
  93  11:36  Marine  
  96  11:41  Siege Tank, Terran Vehicle And Ship Armor Level 1  
  96  11:44  Engineering Bay  
  96  11:45  SCV  
  100  11:47  Marauder  
  102  11:56  Marine x2  
  102  11:58  SCV  
  102  12:00  Combat Shield  
  105  12:07  Viking x2  
  109  12:09  Marauder  
  109  12:10  Supply Depot  
  109  12:11  Supply Depot  
  109  12:13  Siege Tank  
  109  12:14  Marine x2  
  116  12:17  Planetary Fortress  
  116  12:32  Marine x2, Hellion x2  
  122  12:41  Supply Depot  
  122  12:42  Terran Infantry Armor Level 1, Terran Infantry Weapons Level 1  
  122  12:48  Marauder  
  122  12:49  Marine  
  122  12:50  Marine  
  126  12:53  Hellion  
  126  12:54  Hellion  
  126  12:56  Missile Turret  
  130  13:03  Ghost Academy  
  130  13:06  SCV  
  130  13:07  SCV, Marine x2  
  130  13:08  SCV  
  130  13:09  Marauder  
  137  13:15  Hellion x2  
  137  13:17  Missile Turret  
  137  13:19  Concussive Shells  
  141  13:20  SCV  
  141  13:25  Marine x2  
  144  13:30  Marauder  
  144  13:31  Thor  
  144  13:32  Ghost Academy  
  152  13:36  Hellion x2  
  152  13:39  Personal Cloaking  
  156  13:43  Terran Vehicle Weapons Level 1  
  156  13:59  Widow Mine x2  
  160  14:04  Marine x2  
  160  14:05  Marauder  
  164  14:14  Thor  
  170  14:20  Widow Mine x2  
  174  14:26  Marauder  
  176  14:41  Widow Mine  
  176  14:42  Widow Mine  
  176  14:43  Terran Vehicle And Ship Armor Level 2  
  176  14:45  Nuke  
  180  14:46  Missile Turret  
  180  14:51  SCV  
  180  15:07  Missile Turret  
  125  15:53  Command Center  
  125  15:55  Marauder  
  125  15:56  Marine x2  
  129  15:59  Terran Infantry Weapons Level 2  
  129  16:13  Marine  
  129  16:14  Marine  
  129  16:16  Marauder  
  133  16:22  Hellion x2  
  129  16:31  Marine x2  
  121  16:37  Marauder  
  123  16:49  Marine x2  
  125  16:59  Marauder  
  121  17:13  Marine x2  
  91  17:18  Refinery  
  91  17:20  Marauder, Refinery  
  93  17:31  Marine x2  
  95  17:38  Bunker  
  95  17:43  Terran Ship Weapons Level 2  
  95  17:45  Command Center, Refinery  
  95  17:49  Marine x2  
  95  17:50  Refinery  
  97  17:56  SCV  
  98  18:06  Marine  
  98  18:07  Marine  
  98  18:10  Supply Depot  
  92  18:19  Ghost  
  94  18:23  Starport  
  94  18:26  Nuke  
  94  18:29  Fusion Core  
  94  18:33  Supply Depot  
  94  18:35  Starport  
  94  18:37  Thor  
  100  18:44  Hellbat  
  100  18:46  Hellbat, Starport Tech Lab  
  100  18:47  Ghost  
  48  19:49  Starport Tech Lab  
  48  19:50  Missile Turret  
  48  19:51  SCV  
  49  20:02  Marine  
  49  20:03  Marine  
  49  20:04  Marauder, SCV  
  54  20:09  Starport Tech Lab  
  54  20:11  Battlecruiser  
  60  20:15  SCV  
  60  20:16  SCV  
  60  20:20  Marine x2  
  64  20:25  Marauder  
  64  20:27  SCV  
  67  20:29  SCV  
  68  20:38  Marine x2  
  68  20:39  SCV  
  68  20:41  SCV  
  72  20:43  Battlecruiser  
  72  20:46  Marine  
  79  20:51  SCV  
  79  20:53  Battlecruiser  
  79  20:56  Marine  
  75  21:04  Marauder, SCV  
  61  21:26  Marauder  
  59  21:39  SCV  
  50  21:51  SCV  
  40  22:03  SCV  
  32  22:15  SCV  
  29  22:27  SCV  
  29  22:29  Command Center  
  29  22:39  SCV  
  24  22:54  Bunker  
  24  22:55  Supply Depot  
  24  22:56  Supply Depot  
  18  22:58  Supply Depot  
  18  23:00  Supply Depot  
  18  23:05  Orbital Command  
  18  23:21  Supply Depot  
  18  23:22  Supply Depot  
  18  23:24  Factory Tech Lab x2  
  18  23:25  Starport Reactor  
  18  23:33  SCV, Starport Reactor  
  19  23:42  Orbital Command  
  19  23:44  Siege Tank, Barracks  
  19  23:45  Siege Tank, SCV  
  22  23:55  SCV  
  19  24:03  Viking  
  19  24:07  SCV  
  23  24:13  SCV  
  24  24:19  SCV  
  19  24:25  SCV  
  20  24:35  Orbital Command  
  20  24:37  SCV  
  19  24:39  SCV  
  19  24:41  Supply Depot  
  19  24:44  Supply Depot  
  18  24:49  SCV  
  18  24:51  SCV  
  20  25:01  SCV  
  21  25:11  Barracks  
  21  25:14  Barracks  
  21  25:15  Barracks  
  21  25:18  SCV  
  21  25:19  Refinery  
  19  25:31  SCV  
  20  25:39  Engineering Bay  
  20  25:41  Supply Depot  
  20  25:43  SCV  
  20  25:48  Command Center  
  21  25:55  SCV  
  20  25:59  Barracks Reactor  
  20  26:01  Barracks Reactor  
  20  26:02  Barracks Reactor  
  17  26:05  Missile Turret  
  17  26:07  Missile Turret  
  17  26:08  Missile Turret  
  17  26:09  Missile Turret  
  17  26:12  Missile Turret  
  17  26:14  SCV  
  18  26:25  Supply Depot  
  18  26:30  SCV  
Tags
 
League
Gold
Matchup
TvZ
Spawn Locations
Cross Positions
Add a new tag
Caveats
  • Supply blocks, unpowered buildings, or Contaminate may cause inaccurate times.
  • Supply counts are checked every 10 seconds.